 Dungeon Sprint DCSS version 0.19-a0-811-gf4045fb (webtiles) character file.

91 Musica the Magician (level 4, 0/38 HPs)
             Began as a Naga Transmuter on June 28, 2016.
             Was an Initiate of Sif Muna.
             Shot with an arrow by a centaur (3 damage)
             ... in the Dungeon (Sprint IX: "|||||||||||||||||||||||||||||").
             The game lasted 00:03:51 (286 turns).

Musica the Magician (Naga Transmuter)                Turns: 286, Time: 00:03:51

Health: 0/38       AC:  4    Str: 15    XL:     4   Next: 59%
Magic:  7/12       EV: 10    Int: 14    God:    Sif Muna [......]
Gold:   0          SH:  0    Dex: 12    Spells: 2 memorised, 12 levels left

rFire  . . .     SeeInvis +       - Unarmed
rCold  . . .     Gourm    .     b - +0 robe
rNeg   . . .     Faith    .     (no shield)
rPois  +         Spirit   .     (no helmet)
rElec  .         Dismiss  .     (no cloak)
rCorr  .         Reflect  .     (no gloves)
SustAt .         Harm     .     (no barding)
MR     .....     NoTele   +     (no amulet)
Stlth  +.........               p - +2 ring of protection
                                o - +3 ring of strength

@: very slightly contaminated, invisible, very slow, not resistant to hostile
enchantments, very unstealthy
A: see invisible, deformed body, poison resistance, slowness 2, slow metabolism
1, spit poison 2, AC +1
a: Spit Poison, Renounce Religion


You were in the Dungeon.
You worshipped Sif Muna.
Sif Muna was noncommittal.
You were not hungry.

You visited 1 branch

Inventory:

Hand Weapons
 n - a +4 quarterstaff of protection
Missiles
 a - 8 arrows
Armour
 b - a +0 robe (worn)
Magical Staves
 m - an uncursed staff of energy
Jewellery
 o - a +3 ring of strength (left hand)
 p - a +2 ring of protection (right hand)
Wands
 l - a wand of acid (6/15)
Scrolls
 i - 3 scrolls of remove curse
 j - 2 scrolls of blinking
 k - 2 scrolls of amnesia
Potions
 e - 5 potions of curing
 g - 2 potions of heal wounds
 h - 4 potions of magic
Books
 c - a book of Changes

   Spells                             Type                      Level
   a - Beastly Appendage              Transmutation                1
   b - Sticks to Snakes               Transmutation                2
   c - Spider Form                    Transmutation/Poison         3
   d - Ice Form                       Ice/Transmutation            4
   e - Blade Hands                    Transmutation                5
Comestibles
 d - a bread ration


   Skills:
 - Level 1.0 Fighting
 - Level 1.5 Dodging
 - Level 3.0 Unarmed Combat
 + Level 6.1 Spellcasting
 + Level 6.0 Transmutations


You had 12 spell levels left.
You knew the following spells:

 Your Spells              Type           Power        Failure   Level  Hunger
a - Beastly Appendage     Tmut           ###...       1%          1    None
b - Sticks to Snakes      Tmut           ###.....     1%          2    #......


Dungeon Overview and Level Annotations

Branches:
Dungeon (1/1)

Altars:
Cheibriados
Dithmenos
Elyvilon
Fedhas
Gozag
Hepliaklqana
Kikubaaqudgha
Makhleb
Nemelex Xobeh
Okawaru
Pakellas
Qazlal
Ru
Sif Muna
Trog
Uskayaw
Vehumet
Xom
Yredelemnul
Zin
The Shining One
Beogh
Jiyva
Lugonu


Innate Abilities, Weirdness & Mutations

You cannot wear boots.
Your serpentine skin is tough. (AC +1)
You have supernaturally acute eyesight. (SInv)
Armour fits poorly on your strangely shaped body.
Your system is resistant to poisons. (rPois)
You cover ground very slowly.
You have a slow metabolism.
You can spit poison.


Message History

You fade into invisibility!
The centaur shoots an arrow.
The arrow hits your ball python!
Your ball python seems to slow down.
The arrow freezes your ball python.
Your ball python dies!
You are very lightly contaminated with residual magic.
Evoke which item? (* to show all) (? for menu, Esc to quit)
Zapping:
l - a wand of acid (7/15)
Press: ? - help, Shift-Dir - straight line, f - centaur
Aim: a centaur, wielding a shortbow of freezing The bolt of acid hits the centaur.
The centaur is moderately wounded.
The bolt of acid hits the troll.
The acid corrodes the troll!
The troll is moderately wounded.
The bolt of acid hits the worker ant.
The acid corrodes the worker ant!
The worker ant is severely wounded.
This wand has 6 charges left.
The centaur shoots an arrow.
The arrow hits you!
* * * LOW HITPOINT WARNING * * *
The arrow freezes you.
You die... ▓▓▓▓▓▓▓▓▓▓▓▓▓▓▓▓▓▓▓▓▓▓▓▓▓▓▓ ..oFZa'Tc(@[)...'__________ ▓▓▓▓▓▓▓▓▓▓▓▓▓▓▓▓▓▓▓▓▓▓▓▓▓▓▓

You could see a troll, a giant frog, a centaur, a worker ant and a bat skeleton.

Vanquished Creatures
  A scorpion (D)
  A crimson imp (D)
  An orc (D)
  3 hobgoblins (D)
  A bat (D)
  A giant gecko skeleton (D)
  A giant newt (D)
  A rat (D)
10 creatures vanquished.

Vanquished Creatures (others)
  A spatial maelstrom (D)
1 creature vanquished.

Grand Total: 11 creatures vanquished

Notes
Turn   | Place    | Note
--------------------------------------------------------------
     0 | D        | Musica the Naga Transmuter began the quest for the Orb.
     0 | D        | Reached XP level 1. HP: 18/18 MP: 3/3
     7 | D        | Banished a spatial maelstrom
   180 | D        | Noticed a scorpion
   180 | D        | Noticed a crimson imp
   182 | D        | Reached XP level 2. HP: 25/25 MP: 4/6
   188 | D        | Killed a crimson imp
   188 | D        | Reached XP level 3. HP: 31/31 MP: 5/9
   194 | D        | Killed a scorpion
   194 | D        | Reached XP level 4. HP: 38/38 MP: 7/12
   203 | D        | Learned a level 2 spell: Sticks to Snakes
   209 | D        | Found a glowing silver altar of Zin.
   209 | D        | Found a glowing golden altar of the Shining One.
   209 | D        | Found an ancient bone altar of Kikubaaqudgha.
   209 | D        | Found a basalt altar of Yredelemnul.
   209 | D        | Found a shimmering altar of Xom.
   209 | D        | Found a radiant altar of Vehumet.
   210 | D        | Found an iron altar of Okawaru.
   211 | D        | Found a burning altar of Makhleb.
   212 | D        | Found a deep blue altar of Sif Muna.
   213 | D        | Found a bloodstained altar of Trog.
   214 | D        | Found a sparkling altar of Nemelex Xobeh.
   215 | D        | Found a white marble altar of Elyvilon.
   216 | D        | Found a roughly hewn altar of Beogh.
   217 | D        | Found a viscous altar of Jiyva.
   218 | D        | Found a corrupted altar of Lugonu.
   219 | D        | Found a blossoming altar of Fedhas.
   220 | D        | Found a snail-covered altar of Cheibriados.
   221 | D        | Found a shadowy altar of Dithmenos.
   222 | D        | Found a stormy altar of Qazlal.
   223 | D        | Found an opulent altar of Gozag.
   224 | D        | Found a sacrificial altar of Ru.
   225 | D        | Found an oddly glowing altar of Pakellas.
   226 | D        | Found a hide-covered altar of Uskayaw.
   227 | D        | Found a hazy altar of Hepliaklqana.
   242 | D        | Became a worshipper of Sif Muna the Loreminder
   278 | D        | Noticed a giant frog
   278 | D        | Noticed a troll
   278 | D        | Noticed a centaur
   286 | D        | Shot with an arrow by a centaur

Vault maps used:
D:        linesprint

Skill      XL: |  1  2  3 |
---------------+----------+-----
Transmutations | 3 4 6 |  6.0
Spellcasting   | 3 4 6 |  6.1
Fighting       | |  1.0
Dodging        | |  1.5
Unarmed Combat | |  3.0

Action                   |  1- 3 |  4- 6 || total
-------------------------+-------+-------++-------
Melee: Unarmed           |    48 |     1 ||    49
       Headbutt          |     1 |       ||     1
       Punch             |     1 |       ||     1
 Cast: Beastly Appendage |     2 |       ||     2
       Sticks to Snakes  |       |     3 ||     3
Evoke: Wand              |       |     1 ||     1
  Use: Potion            |     3 |     1 ||     4
Armor: Robe              |     7 |     1 ||     8
Dodge: Dodged            |    15 |       ||    15
